 Dungeon Crawl Stone Soup version 0.29.0 (webtiles) character file.

Game seed: 10347554097974878823

1933 Zeld the Ogre Mage (level 9, -11/84 (87) HPs)
             Began as an Ogre Fire Elementalist on Aug 24, 2022.
             Was an Initiate of Gozag.
             Mangled by a wight
             ... wielding a +4 great sword
              (19 damage)
             ... on level 7 of the Dungeon.
             The game lasted 00:08:05 (9663 turns).

Zeld the Ogre Mage (Ogre Fire Elementalist)         Turns: 9663, Time: 00:08:05

HP:   -11/84 (87)   AC:  4    Str: 14    XL:     9   Next: 17%
MP:   10/19         EV:  5    Int: 20    God:    Gozag
Gold: 337           SH:  0    Dex:  9    Spells: 12/22 levels left

rFire   . . .      SeeInvis .   a - +7 Screaming Sword {vorpal, sonic wave}
rCold   . . .      Faith    .   (no shield)
rNeg    . . .      Spirit   .   t - +0 robe
rPois   +          Reflect  .   (helmet restricted)
rElec   .          Harm     .   j - +0 cloak
rCorr   .          Rampage  .   (gloves unavailable)
Will    .....                   (boots unavailable)
Stlth   ++........              o - amulet of magic regeneration
HPRegen 0.24/turn               l - ring of flight
MPRegen 0.56/turn               w - ring of poison resistance

@: attractive, flying, held, lightly drained
A: large, unfitting armour, tough skin 1
a: Renounce Religion, Potion Petition, Call Merchant, Bribe Branch


You were on level 7 of the Dungeon.
You worshipped Gozag.
Gozag was aware of your devotion.
You visited 2 branches of the dungeon, and saw 8 of its levels.

You collected 949 gold pieces.
You paid 612 gold pieces to Gozag.

Inventory:

Hand Weapons
 a - the +7 Screaming Sword (weapon) {vorpal, sonic wave}
   (You found it on level 4 of the Dungeon)

   It inflicts extra damage upon your enemies.
   It radiates damaging sonic waves as it strikes, especially in combat
   involving dangerous or numerous foes.
Armour
 j - a +0 cloak (worn)
 t - a +0 robe (worn)
 v - an orb of energy
Jewellery
 l - a ring of flight (left hand)
 o - an amulet of magic regeneration (around neck)
 w - a ring of poison resistance (right hand)
Wands
 z - a wand of charming (11)
Scrolls
 d - a scroll of acquirement {unknown}
 f - 2 scrolls of identify {unknown}
 h - 2 scrolls of butterflies {unknown}
 k - a scroll of amnesia {unknown}
 m - a scroll of vulnerability {unknown}
 n - 2 scrolls of magic mapping {unknown}
 p - 2 scrolls of summoning {unknown}
 r - a scroll of immolation {unknown}
 u - a scroll of teleportation {unknown}
 x - a scroll of enchant weapon {unknown}
 y - 2 scrolls of brand weapon {unknown}
Potions
 b - 2 potions of magic
 c - 3 potions of haste {unknown}
 e - 2 potions of curing
 g - a potion of flight {unknown}
 i - 2 potions of attraction
 q - a potion of brilliance {unknown}
 s - 2 potions of berserk rage {unknown}


   Skills:
 * Level 4.8 Fighting
 - Level 3.0 Dodging
 - Level 3.0 Stealth
 * Level 7.2 Spellcasting
 + Level 3.8 Conjurations
 * Level 6.4 Fire Magic
 + Level 1.6 Evocations


You had 12 spell levels left.
You knew the following spells:

 Your Spells              Type           Power      Damage    Failure   Level
a - Foxfire               Conj/Fire      100%       2x1d9     1%          1
b - Scorch                Fire           64%        2d8       1%          2
c - Inner Flame           Hex/Fire       20%        N/A       8%          3
d - Flame Wave            Conj/Fire      27%        2d9       11%         4

Your spell library contained the following spells:

 Spells                   Type           Power      Damage    Failure   Level
 Conjure Flame            Conj/Fire      27%        6-21      3%          3
 Poisonous Vapours        Pois/Air       14%        N/A       14%         2
 Sublimation of Blood     Necr           7%         N/A       14%         2
 Wereblood                Tmut           7%         N/A       14%         2
 Hailstorm                Conj/Ice       14%        3d5       38%         4
 Ice Form                 Ice/Tmut       7%         N/A       67%         4
 Summon Hydra             Summ           3%         N/A       100%        7
 Corpse Rot               Necr/Pois/Air  Unusable   N/A       N/A         4
 Simulacrum               Ice/Necr       Unusable   N/A       N/A         6

Dungeon Overview and Level Annotations

Branches:
Dungeon (7/15)             Temple (1/1) D:6

Altars:
Dithmenos
Elyvilon
Fedhas
Gozag
Hepliaklqana
Kikubaaqudgha
Makhleb
Nemelex Xobeh
Okawaru
Qazlal
Ru
Sif Muna
Trog
Uskayaw
Vehumet
Wu Jian
Xom
Yredelemnul
Zin
The Shining One

Shops:
D:3 *   D:7 :

Annotations:
D:6 1 runed translucent door, GigaChad's ghost, novice MiFi


Innate Abilities, Weirdness & Mutations

You are too large for most types of armour.
You have tough skin. (AC +1)


Message History

You struggle against the net.
You feel very sick.
The gnoll sergeant hits you from afar with a +2 vampiric spear.
The gnoll sergeant hits you from afar with a +2 spear of venom.
You are more poisoned.
The wight barely misses you.
You struggle against the net.
You feel very sick.
The gnoll is no longer distracted by gold.
A wight comes into view. It is wielding a +0 long sword.
The gnoll sergeant hits you from afar with a +2 vampiric spear!
* * * LOW HITPOINT WARNING * * *
The gnoll sergeant draws strength from your wounds!
The gnoll sergeant barely misses you.
The wight hits you from afar with a +0 spear.
* * * LOW HITPOINT WARNING * * *
You feel drained.
* * * LOW HITPOINT WARNING * * *
Unknown command.
It was a potion of curing.
You feel better.
The gnoll sergeant hits you from afar with a +2 vampiric spear.
* * * LOW HITPOINT WARNING * * *
The gnoll sergeant draws strength from your wounds!
The gnoll sergeant hits you from afar with a +2 spear of venom!
* * * LOW HITPOINT WARNING * * *
A wight comes into view.
It is wielding a +3 falchion of freezing.
The wight completely misses you.
Unknown command.
You feel better.
The gnoll sergeant hits you from afar with a +2 vampiric spear.
* * * LOW HITPOINT WARNING * * *
The gnoll sergeant draws strength from your wounds!
The gnoll sergeant closely misses you. The wight hits you but does no damage.
Unknown command.
Unknown command.
It was a potion of attraction.
You feel attractive to monsters.
The wight hits you with a +4 great sword!!
You die...
Your body crumbles into a pile of gold.

#.# #.# #.# #.#
#######.# g ....g...#
.zg.######.ggz##
...g.$..z.zgz$@#
...z######..g.## #
#....########
#...........#
############...........#
................>.(....#
....####...####........#
....# #...# #........#
....# #...# #........#


You could see 2 gnoll sergeants, 4 wights and 3 gnolls.

Vanquished Creatures
  An ice beast (D:5)
  A centaur (D:6)
  2 black bears
  A kobold brigand (D:6)
  A necrophage (D:6)
  10 scorpions
  2 hounds
  A jelly (D:6)
  6 orc priests
  A gnoll bouda (D:6)
  2 iguanas
  6 orc wizards
  13 adders
  13 gnolls
  2 ufetubi
  A worm (D:4)
  2 dart slugs (D:1)
  22 orcs
  4 endoplasms
  2 giant cockroaches
  3 goblins
  3 hobgoblins
  10 kobolds
  A quokka (D:2)
  10 ball pythons
  11 bats
  A frilled lizard (D:2)
  6 rats
138 creatures vanquished.

Vanquished Creatures (others)
  27 foxfires
  5 fungi (D:4)
  7 plants (D:4)
39 creatures vanquished.

Grand Total: 177 creatures vanquished

Notes
Turn   | Place    | Note
-------+----------+-------------------------------------------
     0 | D:1      | Zeld the Ogre Fire Elementalist began the quest for the
                  | Orb.
     0 | D:1      | Reached XP level 1. HP: 16/16 MP: 3/3
   299 | D:1      | Reached skill level 1 in Conjurations
   396 | D:1      | Reached XP level 2. HP: 23/24 MP: 1/5
   399 | D:1      | Learned a level 2 spell: Scorch
   742 | D:1      | Found a faded altar of an unknown god.
  1125 | D:2      | Reached XP level 3. HP: 29/31 MP: 0/7
  1138 | D:2      | Learned a level 3 spell: Inner Flame
  1378 | D:2      | Identified the +0 leather armour of Iremenypp {rF+ rC-
                  | Dex+3 SInv}
  1407 | D:2      | Reached skill level 3 in Spellcasting
  2111 | D:2      | Reached XP level 4. HP: 18/39 MP: 3/8
  2740 | D:3      | Found Gozag's Platinum Reserve.
  2743 | D:3      | Found an opulent altar of Gozag.
  2775 | D:3      | Became a worshipper of Gozag Ym Sagoz the Greedy
  3039 | D:3      | Reached XP level 5. HP: 45/45 MP: 6/10
  3058 | D:3      | Learned a level 4 spell: Flame Wave
  3872 | D:4      | Reached skill level 4 in Spellcasting
  3872 | D:4      | Reached XP level 6. HP: 53/53 MP: 2/12
  4908 | D:4      | Reached XP level 7. HP: 48/59 MP: 3/14
  5050 | D:4      | Found the +7 Singing Sword {vorpal, sonic wave}
  5215 | D:4      | Reached skill level 5 in Spellcasting
  5402 | D:4      | Found a glowing golden altar of the Shining One.
  5403 | D:4      | Found a shimmering blue altar of Sif Muna.
  5549 | D:5      | Entered Level 5 of the Dungeon
  5801 | D:5      | Found a bloodstained altar of Trog.
  5830 | D:5      | Reached skill level 5 in Fire Magic
  6048 | D:5      | Reached XP level 8. HP: 41/67 MP: 6/16
  6312 | D:5      | Reached skill level 1 in Fighting
  6483 | D:5      | Reached skill level 6 in Spellcasting
  7176 | D:6      | Found a staircase to the Ecumenical Temple.
  7211 | D:6      | Identified the +9 dagger of Arrival {vamp, rC+ Str+4}
  7247 | Temple   | Entered the Ecumenical Temple
  8313 | D:6      | Reached skill level 1 in Evocations
  8715 | D:6      | Found a runed translucent door.
  8715 | D:6      | Noticed a +2 spear of chaos
  8716 | D:6      | Found a shimmering altar of Xom.
  8716 | D:6      | Noticed GigaChad's ghost (novice MiFi)
  9225 | D:7      | Reached XP level 9. HP: 71/84 MP: 15/19
  9229 | D:7      | Reached skill level 7 in Spellcasting
  9663 | D:7      | Mangled by a wight

Illustrated notes

Levels and vault maps discovered:
D:1:      dpeg_chamrin_arrival_tetris, layout_basic,
          ebering_ecumenical_altar_webs
D:2:      layout_basic
D:3:      layout_basic, nicolae_gozag_zags_fifth_avenue, nrook_mini_vaults
D:4:      old_forge, layout_loops_ring, gammafunk_temple_overflow_statue
D:5:      layout_loops_corners, mainiacjoe_overflow_six_doors_small, nrook_uturn
D:6:      layout_cave_pods, minmay_temple_entry_tees, ebering_ghost_xom
D:7:      layout_basic, lemuel_flamethrower_2
Temple:   nicolae_temple_slightly_damp_pantheon

Skill      XL: |  1  2  3  4  5  6  7  8  9 |
---------------+----------------------------+-----
Conjurations   | 1 2 3 |  3.8
Fire Magic     | 3 4 5 6 |  6.4
Dodging        | 2 3 |  3.0
Spellcasting   | 3 4 5 6 7 |  7.2
Stealth        | 2 3 |  3.0
Fighting       | 4 |  4.8
Evocations     | 1 |  1.6

Action                   |  1- 3 |  4- 6 |  7- 9 || total
-------------------------+-------+-------+-------++-------
Melee: Unarmed           |    16 |    10 |       ||    26
       Punch             |     1 |       |       ||     1
       Double sword      |       |       |    13 ||    13
 Cast: Foxfire           |    17 |       |     1 ||    18
       Scorch            |    32 |    66 |    99 ||   197
       Flame Wave        |       |       |     5 ||     5
       Inner Flame       |       |       |     2 ||     2
Invok: Call Merchant     |       |       |     1 ||     1
  Use: Potion            |       |       |     3 ||     3
 Stab: Sleeping          |     1 |       |       ||     1
       Distracted        |     1 |       |       ||     1
Armor: Robe              |    27 |    23 |    22 ||    72
Dodge: Dodged            |    52 |    39 |    58 ||   149
